 Dungeon Crawl Stone Soup version 0.29.0-4-gdea44cf6ec (webtiles) character file.

Game seed: 10741138605829207369

14 qw the Chopper (level 2, -1/17 HPs)
             Began as a Tengu Warper on Aug 29, 2022.
             Slain by a kobold
             ... wielding a +0 short sword of electrocution
              (13 damage)
             ... on level 1 of the Dungeon.
             The game lasted 00:00:12 (782 turns).

qw the Chopper (Tengu Warper)                        Turns: 782, Time: 00:00:12

Health: -1/17      AC:  3    Str: 11    XL:     2   Next: 45%
Magic:  6/6        EV: 11    Int: 13    God:
Gold:   49         SH:  0    Dex: 13    Spells: 5/5 levels left

rFire   . . .      SeeInvis .   a - +0 hand axe
rCold   . . .      Faith    .   (no shield)
rNeg    . . .      Spirit   .   b - +0 leather armour
rPois   .          Reflect  .   (helmet restricted)
rElec   .          Harm     .   (no cloak)
rCorr   .          Rampage  .   (no gloves)
Will    .....                   (boots unavailable)
Stlth   +.........              (no amulet)
HPRegen 0.05/turn               (no ring)
MPRegen 0.10/turn               (no ring)

@: no status effects
A: beak, talons 3
a: no special abilities


You were on level 1 of the Dungeon.
You visited 1 branch of the dungeon, and saw 1 of its levels.

You collected 49 gold pieces.


Innate Abilities, Weirdness & Mutations

You have a beak for a mouth.
You have claws for feet.


   Skills:
 - Level 2.0 Fighting
 + Level 3.3 Axes
 - Level 1.0 Throwing
 - Level 1.1 Armour
 - Level 2.1 Dodging
 - Level 2.0 Spellcasting
 - Level 2.4 Translocations


You had 5 spell levels left.
You didn't know any spells.
Your spell library contained the following spells:

 Spells                   Type           Power      Damage    Failure   Level
 Blink                    Tloc           14%        N/A       19%         2
 Gell's Gravitas          Tloc           7%         N/A       36%         3
 Lesser Beckoning         Tloc           7%         N/A       36%         3
 Teleport Other           Tloc           7%         N/A       36%         3
 Manifold Assault         Tloc           7%         N/A       98%         5

Inventory:

Hand Weapons
 a - a +0 hand axe (weapon)
 d - a +0 club
Armour
 b - a +0 leather armour (worn)
 h - a +0 scale mail
 i - a +0 chain mail
Jewellery
 e - a ring of ice
Scrolls
 c - a scroll of blinking
 f - 2 scrolls of teleportation {unknown}
 j - 3 scrolls of identify {unknown}
Potions
 g - a potion of resistance {unknown}
 k - a potion of might {unknown}

Dungeon Overview and Level Annotations

Branches:
Dungeon (1/15)

Altars:

Shops:
D:1 [


Message History

The ball python constricts you.
The ball python bites you but does no damage.
The ball python constricts you.
You hit the ball python.
You kill the ball python!
You start resting.
HP restored.
You see here a ball python corpse.
k - a sedimented purple potion You now have 37 gold pieces (gained 7).
A hobgoblin comes into view.
Found a scroll labelled EWKIX RUSHAFAJ.
You hit the hobgoblin.
The hobgoblin is lightly wounded.
The hobgoblin hits you but does no damage.
You hit the hobgoblin.
The hobgoblin is almost dead.
The hobgoblin barely misses you.
You closely miss the hobgoblin.
You peck the hobgoblin, but do no damage.
The hobgoblin is almost dead.
The hobgoblin hits you but does no damage.
You hit the hobgoblin.
You kill the hobgoblin!
j - 3 scrolls labelled EWKIX RUSHAFAJ (gained 1)
You now have enough gold to buy a +0 ring mail on this level.
You can access your shopping list by pressing '$'.
You now have 49 gold pieces (gained 12).
A kobold comes into view.
It is wielding a +0 short sword of electrocution.
Enter note: The kobold shouts!
You closely miss the kobold. Your peck misses the kobold.
The kobold hits you with a +0 short sword of electrocution.
You closely miss the kobold. The kobold barely misses you.
You hit the kobold but do no damage.
The kobold hits you with a +0 short sword of electrocution.
You are electrocuted!
Ouch! That really hurt!
You die...

#.# #...# .# #~.~
#.# ###.# .#
#~.~### #.# ##.#
#.# #~~~... #.#
#..####...
##..... #.#
#......... #..###
##.## #.#...#...
.......
#...####.#.......
# ..###
#........#K......
#...#####@.#
##.### #####
#.#....... ......
## #####.# ##....
#####


You could see a kobold.

Vanquished Creatures
  2 endoplasms (D:1)
  3 goblins (D:1)
  A hobgoblin (D:1)
  A kobold (D:1)
  3 ball pythons (D:1)
  A bat (D:1)
  A frilled lizard (D:1)
  A rat (D:1)
13 creatures vanquished.

Notes
Turn   | Place    | Note
-------+----------+-------------------------------------------
     0 | D:1      | qw the Tengu Warper began the quest for the Orb.
     0 | D:1      | Reached XP level 1. HP: 12/12 MP: 4/4
     0 | D:1      | 0 ||| qw: Version: 0.1-a-89-g26bdef1
     0 | D:1      | 0 ||| qw: Game counter: 3639
     0 | D:1      | 0 ||| qw: Always use a shield: true
     0 | D:1      | 0 ||| qw: God list: Okawaru
     0 | D:1      | 0 ||| qw: Allow faded altars: false
     0 | D:1      | 0 ||| qw: Do Orc after D:15 true
     0 | D:1      | 0 ||| qw: Do second Lair branch before Depths: true
     0 | D:1      | 0 ||| qw: Lair rune preference: random
     0 | D:1      | 0 ||| qw: Plans: Normal
     0 | D:1      | 0 ||| PLANNING D:1-11
    15 | D:1      | Found Fiufy's Armour Boutique.
    21 | D:1      | 21 ||| SHOPLISTING +0 chain mail (54 gold, have 0).
    21 | D:1      | 21 ||| SHOPLISTING +0 pair of gloves (54 gold, have 0).
    21 | D:1      | 21 ||| SHOPLISTING +0 plate armour (276 gold, have 0).
    21 | D:1      | 21 ||| SHOPLISTING +0 ring mail (48 gold, have 0).
    21 | D:1      | 21 ||| SHOPLISTING +1 ring mail of Limited Liability {rElec
                  | Int+2 Dex+3} (402 gold, have 0).
    21 | D:1      | 21 ||| SHOPLISTING +6 leather armour of the Will of the
                  | Gods {Rampage rElec Int+3} (627 gold, have 0).
   302 | D:1      | 302 ||| Stepping ~*~*~tactically~*~*~ (stealth).
   415 | D:1      | Reached skill level 3 in Axes
   415 | D:1      | Reached XP level 2. HP: 12/17 MP: 6/6
   613 | D:1      | Found a faded altar of an unknown god.
   782 | D:1      | Slain by a kobold

Levels and vault maps discovered:
D:1:      amcnicky_arrival_choice, layout_loops_ring,
          ebering_ecumenical_altar_sacrificial, serial_shops,
          nicolae_shop_stone, chequers_serial_rivers_micro_d

Skill      XL: |  1 |
---------------+----+-----
Axes           | 3 |  3.3
Fighting       | |  2.0
Throwing       | |  1.0
Armour         | |  1.1
Dodging        | |  2.1
Spellcasting   | |  2.0
Translocations | |  2.4

Action                   || total
-------------------------++-------
Melee: Hand axe          ||    29
       Kick              ||     7
       Peck              ||     2
Throw: Boomerang         ||     7
 Stab: Distracted        ||     1
Armor: Leather armour    ||     3
Dodge: Dodged            ||    11

Table legend:
 A = Non-vault XP
 B = Vault XP
 C = Vault XP percentage of total XP
 D = Non-vault monster count
 E = Vault monster count
 F = Vault count percentage of total count
                 A         B        C        D         E       F
            +---------+---------+-------+---------+---------+-------
      Total |      21 |       0 |   0.0 |      13 |       0 |   0.0
            +---------+---------+-------+---------+---------+-------
        D:1 |      21 |       0 |   0.0 |      13 |       0 |   0.0
            +---------+---------+-------+---------+---------+-------
